PCL
LAS VEGAS STARS @ SAN JOSE MISSIONS
05/09/2026
 
TOP OF THE 1ST
Las Vegas Stars batting - Pitching for San Jose Missions : LHP Floyd Dye
Pitching: LHP Floyd Dye
Batting: LHB Henry Leroux 0-0: Fly out, F7 (Flyball, 7LM)
Batting: RHB Kyle Bacon 0-0: Called Strike
0-1: Foul Ball, location: 2F
0-2: Ball
1-2: Ball
2-2: SINGLE (Line Drive, 7LS)
Batting: RHB Matthieu Vancini 0-0: Ball
1-0: Foul Ball, location: 2F
1-1: Ball
2-1: Called Strike
2-2: Foul Ball, location: 2F
2-2: Foul Ball, location: 2F
2-2: Strikes out swinging
Batting: SHB Sloan James 0-0: Ball
1-0: Ball
2-0: Called Strike
2-1: Foul Ball, location: 2F
2-2: Ball
3-2: Base on Balls
Kyle Bacon to second
Batting: RHB Brian George 0-0: Ball
1-0: Ball
2-0: Foul Ball, location: 2F
2-1: Foul Ball, location: 2F
2-2: Foul Ball, location: 2F
2-2: Ball
3-2: Foul Ball, location: 2F
3-2: Base on Balls
Kyle Bacon to third
Sloan James to second
Batting: LHB Diego Torres 0-0: DOUBLE (Line Drive, 9LM)
Kyle Bacon scores
Sloan James scores
Brian George to third
Runner from 3rd tries for Home, SAFE, no throw or cutoff
Batting: RHB Reginaldo Jaconelli 0-0: Fly out, F8 (Flyball, 8RM)
Top of the 1st over - 3 run(s), 2 hit(s), 0 error(s), 1 left on base; Las Vegas 3 - San Jose 0
BOTTOM OF THE 1ST
San Jose Missions batting - Pitching for Las Vegas Stars : RHP Javier Valenzuela
Pitching: RHP Javier Valenzuela
Batting: LHB Miguel Montés 0-0: Called Strike
0-1: DOUBLE (Line Drive, 7D)
Batting: RHB Jorge Díaz 0-0: Ball
1-0: Called Strike
1-1: Ball
2-1: Fly out, F7 (Flyball, 7S)
Batting: RHB Ramón Ruíz 0-0: Ball
1-0: Called Strike
1-1: Ball
2-1: 2-RUN HOME RUN (Flyball, 89XD), Distance : 408 ft
Batting: RHB Dale Taylor 0-0: Ball
1-0: Fly out, F7 (Line Drive, 7M)
Batting: LHB Mel Jones 0-0: Called Strike
0-1: Fly out, F6 (Line Drive, 6D)
Bottom of the 1st over - 2 run(s), 2 hit(s), 0 error(s), 0 left on base; Las Vegas 3 - San Jose 2
TOP OF THE 2ND
Las Vegas Stars batting - Pitching for San Jose Missions : LHP Floyd Dye
Batting: LHB Fernando De La Cruz 0-0: Called Strike
0-1: Foul Ball, location: 2F
0-2: Foul Ball, location: 2F
0-2: Ball
1-2: Ball
2-2: Ball
3-2: DOUBLE (Flyball, 8LXD)
Batting: RHB Ryan Campbell 0-0: Called Strike
0-1: Foul Ball, location: 2F
0-2: Ball
1-2: Ball
2-2: Foul Ball, location: 2F
2-2: Foul Ball, location: 2F
2-2: DOUBLE (Groundball, 5L)
Fernando De La Cruz scores
Pinch Runner at 2nd Xin Zhang:
Batting: LHB Henry Leroux 0-0: Ball
1-0: Ball
2-0: Ball
3-0: Base on Balls
Batting: RHB Kyle Bacon 0-0: Ball
1-0: Ball
2-0: Ball
3-0: Called Strike
3-1: Foul Ball, location: 2F
3-2: Foul Ball, location: 2F
3-2: SINGLE (Groundball, 3L)
Xin Zhang to third
Henry Leroux to second
Batting: RHB Matthieu Vancini 0-0: Called Strike
0-1: Fly out, F9 (Flyball, 9D)
Runner from 3rd tags up, SCORES, no throw
Henry Leroux to third
Batting: SHB Sloan James 0-0: Called Strike
Kyle Bacon steals 2nd base
0-1: Ball
1-1: Ball
2-1: Swinging Strike
2-2: Foul Ball, location: 2F
2-2: Ball
3-2: Strikes out swinging
Batting: RHB Brian George 0-0: Ball
1-0: Ball
2-0: Ball
3-0: Base on Balls
Batting: LHB Diego Torres 0-0: Foul Ball, location: 2F
0-1: Foul Ball, location: 2F
0-2: Foul Ball, location: 2F
0-2: Ball
1-2: Fly out, F6 (Popup, 6M)
Top of the 2nd over - 2 run(s), 3 hit(s), 0 error(s), 3 left on base; Las Vegas 5 - San Jose 2
BOTTOM OF THE 2ND
San Jose Missions batting - Pitching for Las Vegas Stars : RHP Javier Valenzuela
Now at SS: Xin Zhang
Batting: RHB Chang-geun Kim 0-0: Ball
1-0: Ball
2-0: Ball
3-0: Ground out 3-1 (Groundball, 34)
Batting: RHB Andrew Benson 0-0: Swinging Strike
0-1: Foul Ball, location: 2F
0-2: Ball
1-2: Ball
2-2: Fly out, F9 (Flyball, 89M)
Batting: RHB Kyle Williams 0-0: Called Strike
0-1: Fly out, F8 (Flyball, 8LM)
Bottom of the 2nd over - 0 run(s), 0 hit(s), 0 error(s), 0 left on base; Las Vegas 5 - San Jose 2
TOP OF THE 3RD
Las Vegas Stars batting - Pitching for San Jose Missions : LHP Floyd Dye
Batting: RHB Reginaldo Jaconelli 0-0: DOUBLE (Line Drive, 89S)
Batting: LHB Fernando De La Cruz 0-0: Called Strike
0-1: Ball
1-1: Hit by Pitch
Batting: RHB Xin Zhang 0-0: Ball
1-0: Ball
2-0: Ball
3-0: Base on Balls
Reginaldo Jaconelli to third
Fernando De La Cruz to second
Pitching: RHP Larry West
Batting: LHB Henry Leroux 0-0: Ball
1-0: Called Strike
1-1: Foul Ball, location: 2F
1-2: Ball
2-2: Strikes out swinging
Batting: RHB Kyle Bacon 0-0: Ball
1-0: Foul Ball, location: 2F
1-1: Ball
2-1: Foul Ball, location: 2F
2-2: Foul Ball, location: 2F
2-2: Ball
3-2: Strikes out looking
Batting: RHB Matthieu Vancini 0-0: Called Strike
0-1: Ball
1-1: Ball
2-1: Foul Ball, location: 2F
2-2: Fly out, F2 (Popup, 2LF)
Top of the 3rd over - 0 run(s), 1 hit(s), 0 error(s), 3 left on base; Las Vegas 5 - San Jose 2
BOTTOM OF THE 3RD
San Jose Missions batting - Pitching for Las Vegas Stars : RHP Javier Valenzuela
Batting: RHB Elliott Rucker 0-0: Ball
1-0: Ball
2-0: Called Strike
2-1: Ground out 6-3 (Groundball, 6M)
Batting: LHB Miguel Montés 0-0: Foul Ball, location: 2F
0-1: Swinging Strike
0-2: Ball
1-2: Strikes out looking
Batting: RHB Jorge Díaz 0-0: Ball
1-0: Swinging Strike
1-1: Foul Ball, location: 2F
1-2: Foul Ball, location: 2F
1-2: Ball
2-2: Fly out, F4 (Popup, 4D)
Bottom of the 3rd over - 0 run(s), 0 hit(s), 0 error(s), 0 left on base; Las Vegas 5 - San Jose 2
TOP OF THE 4TH
Las Vegas Stars batting - Pitching for San Jose Missions : RHP Larry West
Batting: SHB Sloan James 0-0: SINGLE (Line Drive, 89S)
Batting: RHB Brian George 0-0: Called Strike
0-1: Ball
1-1: Ball
2-1: Ball
3-1: Called Strike
3-2: SINGLE (Line Drive, 9LS)
Sloan James to second
Batting: LHB Diego Torres 0-0: Called Strike
0-1: Called Strike
0-2: Foul Ball, location: 2F
0-2: Ball
1-2: Ball
2-2: Ball
3-2: Base on Balls
Sloan James to third
Brian George to second
Batting: RHB Reginaldo Jaconelli 0-0: Called Strike
0-1: Ball
1-1: SINGLE (Line Drive, 89S)
Sloan James scores
Brian George to third
Diego Torres to second
Batting: LHB Fernando De La Cruz 0-0: Fly out, F7 (Flyball, 7M)
Runner from 3rd tags up, SCORES, throw made
Batting: RHB Xin Zhang 0-0: Ball
Diego Torres steals 3rd base
Reginaldo Jaconelli to second
1-0: Called Strike
1-1: SINGLE (Line Drive, 9S)
Diego Torres scores
Reginaldo Jaconelli to third
Batting: LHB Henry Leroux 0-0: 3-RUN HOME RUN (Line Drive, 89XD), Distance : 411 ft
Batting: RHB Kyle Bacon 0-0: Called Strike
0-1: Ball
1-1: Ball
2-1: DOUBLE (Line Drive, 9LM)
Batting: RHB Matthieu Vancini 0-0: Ball
1-0: Foul Ball, location: 2F
1-1: Called Strike
1-2: Ball
2-2: Ball
3-2: Ground out 1-3 (Groundball, 13S)
Kyle Bacon to third
Batting: SHB Sloan James 0-0: Swinging Strike
0-1: SINGLE (Groundball, 15) (infield hit)
Kyle Bacon scores
Batting: RHB Brian George 0-0: Ball
1-0: Ball
2-0: Ball
3-0: Called Strike
3-1: Base on Balls
Sloan James to second
Batting: LHB Diego Torres 0-0: Ball
1-0: Swinging Strike
1-1: Called Strike
1-2: Ball
2-2: Ball
3-2: Base on Balls
Sloan James to third
Brian George to second
Pitching: RHP José Reyes
Batting: RHB Reginaldo Jaconelli 0-0: Ball
1-0: Fly out, F6 (Popup, 6D)
Top of the 4th over - 7 run(s), 7 hit(s), 0 error(s), 3 left on base; Las Vegas 12 - San Jose 2
BOTTOM OF THE 4TH
San Jose Missions batting - Pitching for Las Vegas Stars : RHP Javier Valenzuela
Batting: RHB Ramón Ruíz 0-0: Ball
1-0: Fly out, F3 (Popup, 34)
Batting: RHB Dale Taylor 0-0: Called Strike
0-1: Called Strike
0-2: Strikes out looking
Batting: LHB Mel Jones 0-0: Called Strike
0-1: Ball
1-1: Swinging Strike
1-2: Strikes out looking
Bottom of the 4th over - 0 run(s), 0 hit(s), 0 error(s), 0 left on base; Las Vegas 12 - San Jose 2
TOP OF THE 5TH
Las Vegas Stars batting - Pitching for San Jose Missions : RHP José Reyes
Batting: LHB Fernando De La Cruz 0-0: Foul Ball, location: 2F
0-1: Foul Ball, location: 2F
0-2: Strikes out swinging
Batting: RHB Xin Zhang 0-0: Called Strike
0-1: Ball
1-1: Foul Ball, location: 2F
1-2: SINGLE (Groundball, 34)
Batting: LHB Henry Leroux 0-0: Ball
1-0: Ball
2-0: Ball
3-0: Base on Balls
Xin Zhang to second
Batting: RHB Kyle Bacon 0-0: Ball
1-0: Foul Ball, location: 2F
1-1: Grounds into double play, 4-6-3 (Groundball, 4)
Top of the 5th over - 0 run(s), 1 hit(s), 0 error(s), 1 left on base; Las Vegas 12 - San Jose 2
BOTTOM OF THE 5TH
San Jose Missions batting - Pitching for Las Vegas Stars : RHP Javier Valenzuela
Batting: RHB Chang-geun Kim 0-0: Ball
1-0: Hit by Pitch
Batting: RHB Andrew Benson 0-0: Ball
1-0: DOUBLE (Line Drive, 78D)
Chang-geun Kim to third
Batting: RHB Kyle Williams 0-0: Ball
1-0: Swinging Strike
1-1: Foul Ball, location: 2F
1-2: Foul Ball, location: 2F
1-2: Strikes out swinging
Batting: RHB Elliott Rucker 0-0: Ball
1-0: Swinging Strike
1-1: Foul Ball, location: 2F
1-2: Ball
2-2: Strikes out looking
Batting: LHB Miguel Montés 0-0: SINGLE (Line Drive, 56)
Chang-geun Kim scores
Andrew Benson to third
Runner from 3rd tries for Home, SAFE, no throw or cutoff
Batting: RHB Jorge Díaz 0-0: Fielders Choice at 2nd, 6-4 (Groundball, 6)
Bottom of the 5th over - 2 run(s), 2 hit(s), 0 error(s), 0 left on base; Las Vegas 12 - San Jose 4
TOP OF THE 6TH
Las Vegas Stars batting - Pitching for San Jose Missions : RHP José Reyes
Batting: RHB Matthieu Vancini 0-0: Ball
1-0: Foul Ball, location: 2F
1-1: Called Strike
1-2: Ball
2-2: Strikes out swinging
Batting: SHB Sloan James 0-0: Foul Ball, location: 2F
0-1: Ball
1-1: Ball
2-1: Foul Ball, location: 2F
2-2: Foul Ball, location: 2F
2-2: Strikes out swinging
Batting: RHB Brian George 0-0: Foul Ball, location: 2F
0-1: Ball
1-1: Ball
2-1: Foul Ball, location: 2F
2-2: Strikes out swinging
Top of the 6th over - 0 run(s), 0 hit(s), 0 error(s), 0 left on base; Las Vegas 12 - San Jose 4
BOTTOM OF THE 6TH
San Jose Missions batting - Pitching for Las Vegas Stars : RHP Javier Valenzuela
Batting: RHB Ramón Ruíz 0-0: Ball
1-0: Foul Ball, location: 2F
1-1: Ball
2-1: Ball
3-1: SOLO HOME RUN (Flyball, 78D), Distance : 409 ft
Batting: RHB Dale Taylor 0-0: Foul Ball, location: 2F
0-1: Ball
1-1: Called Strike
1-2: Foul Ball, location: 2F
1-2: Ball
2-2: Foul Ball, location: 2F
2-2: Ball
3-2: Ground out 5-3 (Groundball, 56S)
Pitching: LHP Jesse Hoyt
Batting: LHB Mel Jones 0-0: Ball
1-0: Ground out 1-3 (Groundball, 13)
Batting: RHB Chang-geun Kim 0-0: Called Strike
0-1: SINGLE (Flyball, 8LS)
Batting: RHB Andrew Benson 0-0: Ball
1-0: Called Strike
1-1: Swinging Strike
1-2: Foul Ball, location: 2F
1-2: Foul Ball, location: 2F
1-2: Ball
2-2: Ground out 1-3 (Groundball, 13S)
Bottom of the 6th over - 1 run(s), 2 hit(s), 0 error(s), 1 left on base; Las Vegas 12 - San Jose 5
TOP OF THE 7TH
Las Vegas Stars batting - Pitching for San Jose Missions : RHP José Reyes
Batting: LHB Diego Torres 0-0: Ball
1-0: Ball
2-0: Ball
3-0: Base on Balls
Batting: RHB Reginaldo Jaconelli 0-0: Ball
1-0: Bunted foul
1-1: Bunt missed!
1-2: Fly out, F9 (Flyball, 89M)
Batting: LHB Fernando De La Cruz 0-0: Called Strike
0-1: Foul Ball, location: 2F
0-2: Strikes out swinging
Batting: RHB Xin Zhang 0-0: Ball
1-0: Ball
2-0: Foul Ball, location: 2F
2-1: Called Strike
2-2: Foul Ball, location: 2F
2-2: Ball
3-2: Strikes out swinging
Top of the 7th over - 0 run(s), 0 hit(s), 0 error(s), 1 left on base; Las Vegas 12 - San Jose 5
BOTTOM OF THE 7TH
San Jose Missions batting - Pitching for Las Vegas Stars : LHP Jesse Hoyt
Batting: RHB Kyle Williams 0-0: Called Strike
0-1: Swinging Strike
0-2: Ball
1-2: Ball
2-2: Strikes out swinging
Batting: RHB Elliott Rucker 0-0: Ball
1-0: Ball
2-0: Ball
3-0: Base on Balls
Batting: LHB Miguel Montés 0-0: Ball
1-0: Foul Ball, location: 2F
1-1: Ball
2-1: Foul Ball, location: 2F
2-2: Ball
3-2: Strikes out swinging
Batting: RHB Jorge Díaz 0-0: Foul Ball, location: 2F
0-1: Ball
1-1: Swinging Strike
1-2: Foul Ball, location: 2F
1-2: Foul Ball, location: 2F
1-2: Ball
2-2: Ball
3-2: Base on Balls
Elliott Rucker to second
Batting: RHB Ramón Ruíz 0-0: Swinging Strike
0-1: Ball
1-1: Ball
2-1: Fly out, F9 (Flyball, 89D)
Bottom of the 7th over - 0 run(s), 0 hit(s), 0 error(s), 2 left on base; Las Vegas 12 - San Jose 5
TOP OF THE 8TH
Las Vegas Stars batting - Pitching for San Jose Missions : RHP José Reyes
Batting: LHB Henry Leroux 0-0: Ball
1-0: Foul Ball, location: 2F
1-1: SINGLE (Line Drive, 8RS)
Batting: RHB Kyle Bacon 0-0: Called Strike
Henry Leroux is caught stealing 2nd base
0-1: Ball
1-1: Called Strike
1-2: Foul Ball, location: 2F
1-2: Ball
2-2: Ball
3-2: Foul Ball, location: 2F
3-2: Strikes out looking
Batting: RHB Matthieu Vancini 0-0: SINGLE (Line Drive, 34D)
Batting: SHB Sloan James 0-0: Ball
1-0: Fly out, F5 (Line Drive, 56S)
Top of the 8th over - 0 run(s), 2 hit(s), 0 error(s), 1 left on base; Las Vegas 12 - San Jose 5
BOTTOM OF THE 8TH
San Jose Missions batting - Pitching for Las Vegas Stars : LHP Jesse Hoyt
Now at C: Douglas Davis
Batting: RHB Dale Taylor 0-0: Ball
1-0: Ball
2-0: Called Strike
2-1: Ball
3-1: Called Strike
3-2: SOLO HOME RUN (Flyball, 78XD), Distance : 430 ft
Batting: LHB Mel Jones 0-0: Called Strike
0-1: Ball
1-1: Called Strike
1-2: Ground out 5-3 (Groundball, 5)
Pitching: LHP Ricardo Díaz
Batting: RHB Chang-geun Kim 0-0: Ball
1-0: DOUBLE (Groundball, 5L)
Batting: RHB Andrew Benson 0-0: Fly out, F7 (Flyball, 7LM)
Batting: RHB Kyle Williams 0-0: Swinging Strike
0-1: Foul Ball, location: 2F
0-2: Foul Ball, location: 2F
0-2: Foul Ball, location: 2F
0-2: Ball
1-2: Ground out 6-3 (Groundball, 6)
Bottom of the 8th over - 1 run(s), 2 hit(s), 0 error(s), 1 left on base; Las Vegas 12 - San Jose 6
TOP OF THE 9TH
Las Vegas Stars batting - Pitching for San Jose Missions : RHP José Reyes
Batting: RHB Brian George 0-0: Ball
1-0: Ball
2-0: Foul Ball, location: 2F
2-1: Ground out 5-3 (Groundball, 5)
Batting: LHB Diego Torres 0-0: Ball
1-0: Ball
2-0: Called Strike
2-1: Called Strike
2-2: Foul Ball, location: 2F
2-2: Ball
3-2: Strikes out swinging
Batting: RHB Reginaldo Jaconelli 0-0: Ball
1-0: Called Strike
1-1: Ball
2-1: Ball
3-1: Foul Ball, location: 2F
3-2: Base on Balls
Batting: LHB Fernando De La Cruz 0-0: Ball
1-0: Ball
2-0: Fly out, F5 (Popup, 5F)
Top of the 9th over - 0 run(s), 0 hit(s), 0 error(s), 1 left on base; Las Vegas 12 - San Jose 6
BOTTOM OF THE 9TH
San Jose Missions batting - Pitching for Las Vegas Stars : LHP Ricardo Díaz
Batting: RHB Elliott Rucker 0-0: Reached on error, E6 (Groundball, 6)
Batting: LHB Miguel Montés 0-0: Ball
1-0: Called Strike
1-1: Ball
2-1: Called Strike
2-2: Strikes out swinging
Batting: RHB Jorge Díaz 0-0: Ball
1-0: Ball
2-0: Ball
3-0: Base on Balls
Elliott Rucker to second
Batting: RHB Ramón Ruíz 0-0: Ball
1-0: Ball
2-0: Ball
3-0: Base on Balls
Elliott Rucker to third
Jorge Díaz to second
Batting: RHB Dale Taylor 0-0: Ball
1-0: Ball
2-0: Called Strike
2-1: Called Strike
2-2: Ball
Wild Pitch!
Elliott Rucker scores
Jorge Díaz to third
Ramón Ruíz to second
3-2: Base on Balls
Pitching: RHP Armando López
Batting: LHB Mel Jones 0-0: Grounds into fielders choice 1-2 (Groundball, 13S)
Ramón Ruíz to third
Dale Taylor to second
Batting: RHB Chang-geun Kim 0-0: Ball
1-0: Fielders Choice at 2nd, U6 (Groundball, 6M)
Bottom of the 9th over - 1 run(s), 0 hit(s), 1 error(s), 3 left on base; Las Vegas 12 - San Jose 7
Monday, December 5th, 2016 - OOTP Baseball 17.12 Build 75